 Dungeon Crawl Stone Soup version 0.22-a0-480-g991dd4b (webtiles) character file.

47586 Amnesiac the Evocator (level 14, -19/77 HPs)
             Began as a Spriggan Artificer on June 15, 2018.
             Was an Initiate of Gozag.
             Demolished by Eptagon's ghost (35 damage)
             ... on level 1 of the Orcish Mines.
             The game lasted 01:25:04 (22082 turns).

Amnesiac the Evocator (Spriggan Artificer)         Turns: 22082, Time: 01:25:05

Health: -19/77     AC:  5    Str: 12    XL:     14   Next: 9%
Magic:  27/29      EV: 27    Int: 18    God:    Gozag
Gold:   4176       SH:  0    Dex: 17    Spells: 4/13 levels left

rFire    . . .     SeeInvis +   b - +3 quick blade
rCold    . . .     Gourm    .   (shield restricted)
rNeg     + + .     Faith    .   L - +1 robe of Rauwiohe {rN+ Int+5}
rPois    +         Spirit   .   (helmet restricted)
rElec    .         Reflect  .   m - +1 cloak
rCorr    .         Harm     .   (gloves unavailable)
MR       ++...                  (boots unavailable)
Stlth    ++++......             u - amulet of regeneration
HPRegen  0.62/turn              n - ring of positive energy
MPRegen  0.21/turn              h - ring of poison resistance

@: very quick
A: very small, unfitting armour, see invisible, herbivore, speed 3, slow
metabolism 2
a: Potion Petition, Call Merchant, Bribe Branch, Renounce Religion


You were on level 1 of the Orcish Mines.
You worshipped Gozag.
Gozag was most pleased with you.
You were not hungry.

You visited 3 branches of the dungeon, and saw 18 of its levels.

You collected 5354 gold pieces.
You spent 1078 gold pieces at shops.
You paid 100 gold pieces to Gozag.

Inventory:

Hand Weapons
 a - a +3 dagger of venom
 b - a +3 quick blade (weapon)
 B - a +0 blowgun
Missiles
 C - 6 curare-tipped needles
 H - 5 throwing nets (quivered)
Armour
 m - a +1 cloak (worn)
 L - the +1 robe of Rauwiohe (worn) {rN+ Int+5}
   (You found it on level 8 of the Dungeon)

   It affects your intelligence (+5).
   It protects you from negative energy.
Jewellery
 h - a ring of poison resistance (right hand)
 n - a ring of positive energy (left hand)
 u - an amulet of regeneration (around neck)
 A - an uncursed ring of fire
 I - a +3 ring of intelligence
 J - an uncursed ring of resist corrosion
 M - an uncursed ring of ice
Wands
 G - a wand of polymorph (8)
 K - a wand of digging (16)
Scrolls
 e - a scroll of amnesia {!r}
 k - 6 scrolls of fog {!r}
 l - a scroll of summoning {!r}
 o - 3 scrolls of blinking {!r}
 q - 7 scrolls of remove curse {!r}
 r - 7 scrolls of teleportation {!r}
 w - 3 scrolls of identify {!r}
 D - a scroll of vulnerability {!r}
 O - a scroll of magic mapping {!r}
 P - a scroll of enchant armour {!r}
Potions
 c - 5 potions of might {!q}
 g - 7 potions of curing {!q}
 i - a potion of berserk rage {!q}
 j - 5 potions of flight {!q}
 s - 3 potions of agility {!q}
 t - 2 potions of mutation {!q}
 v - 2 potions of cancellation {!q}
 x - a potion of heal wounds {!q}
 E - 3 potions of lignification {!q}
 N - 2 potions of brilliance {!q}
Comestibles
 f - 17 rations


   Skills:
 - Level 10.0 Fighting
 - Level 8.0 Short Blades
 - Level 11.0 Dodging
 - Level 8.0 Stealth
 + Level 21.9 Evocations


You had 4 spell levels left.
You knew the following spells:

 Your Spells              Type           Power        Failure   Level  Hunger
a - Poisonous Vapours     Pois/Air       #.....       32%         2    ###....
b - Mephitic Cloud        Conj/Pois/Air  #.......     54%         3    ####...
e - Confuse               Hex            #.......     54%         3    ####...
z - Confusing Touch       Hex            #.....       22%         1    ##.....

Your spell library contained the following spells:

 Spells                   Type           Power        Failure   Level  Hunger
 Venom Bolt               Conj/Pois      #.........   99%         5    ######.
 Olgreb's Toxic Radiance  Pois           #.......     91%         4    #####..
 Sting                    Conj/Pois      #...         22%         1    ##.....
 Tukima's Dance           Hex            #.......     54%         3    ####...
 Stone Arrow              Conj/Erth      #.....       54%         3    ####...
 Passwall                 Tmut/Erth      #.......     32%         2    ###....
 Ensorcelled Hibernation  Hex/Ice        #.....       32%         2    ###....
 Metabolic Englaciation   Hex/Ice        #.........   99%         5    ######.
 Corona                   Hex            #......      22%         1    ##.....
 Lee's Rapid Deconstruct  Erth           #.........   99%         5    ######.
 Sandblast                Erth           #.....       22%         1    ##.....
 Petrify                  Tmut/Erth      #.......     91%         4    #####..
 Dazzling Spray           Conj/Hex       #.....       54%         3    ####...
 Gell's Gravitas          Tloc           #.........   54%         3    ####...
 Yara's Violent Unravell  Hex/Tmut       #.........   99%         5    ######.


Dungeon Overview and Level Annotations

Branches:
Dungeon (15/15)            Temple (1/1) D:6            Lair (0/6) D:10
    Orc (2/2) D:10            Elf (0/3) Orc:2        Vaults (0/5) D:13
 Depths (0/5) D:15

Altars:
Ashenzari
Cheibriados
Dithmenos
Fedhas
Gozag
Kikubaaqudgha
Makhleb
Nemelex Xobeh
Okawaru
Qazlal
Ru
Sif Muna
Trog
Uskayaw
Vehumet
Wu Jian
Xom
Yredelemnul
Zin
The Shining One
Beogh

Shops:
D:11 (!   D:12 }   Orc:1 :   Orc:2 =*

Annotations:
D:15 Urug
Orc:1 Eptagon's ghost, journeyman GrBe
Orc:2 ThisFiasco's ghost, journeyman DDFi


Innate Abilities, Weirdness & Mutations

You are very small and have problems with some larger weapons.
You are too small for most types of armour.
You have supernaturally acute eyesight. (SInv)
You are a herbivore.
You cover ground extremely quickly.
You need to consume almost no food.


Message History

A troll comes into view.
The orc warrior throws a tomahawk.
The tomahawk completely misses you.
You see here 9 gold pieces.
You now have 4176 gold pieces (gained 9).
The orc warrior shouts!
The orc warrior completely misses you. The orc hits you. The orc misses you.
The orc warrior closely misses you.
Things that are here:
9 gold pieces; a chain mail; a short sword The orc completely misses you.
Evoke which item? (* to show all) (? for menu, Esc to quit)
Aiming: Polymorph
Press: ? - help, Shift-Dir - straight line, f - orc high priest
Aim: an orc high priest, wielding a flail (chance to defeat MR: 55%)
The orc high priest resists with some effort.
The orc high priest misses you. The orc misses you.
The orc completely misses you. The orc warrior completely misses you.
The orc hits you with a dagger.
The orc high priest completely misses you.
Evoke which item? (* to show all) (? for menu, Esc to quit)
Aiming: Polymorph
Press: ? - help, Shift-Dir - straight line, f/p - orc high priest
Aim: an orc high priest, wielding a flail (chance to defeat MR: 55%)
The orc high priest resists with some effort.
The orc high priest completely misses you.
The orc priest hits you with a short sword.
The orc high priest utters an invocation to Beogh.
You hit the orc priest but do no damage.
You hit the orc priest but do no damage.
The troll closely misses you. The troll completely misses you.
The troll closely misses you.
You hit the orc.
The orc is moderately wounded.
The orc closely misses you.
The orc priest looks braver for a moment.
You hit the orc.
The orc is severely wounded.
The orc high priest calls down the wrath of Beogh upon you.
Beogh smites you!
You hit the orc but do no damage.
The orc is severely wounded.
The troll bites you! The troll claws you!
* * * LOW HITPOINT WARNING * * *
The troll misses you.
You hit the orc.
You kill the orc!
The orc high priest utters an invocation to Beogh.
The orc warrior is distracted by the nearby gold.
The orc warrior shouts!
The ogre shouts!
The ogre is distracted by the nearby gold.
The orc priest mumbles some strange prayers to Beogh against you.
Beogh smites you!
* * * LOW HITPOINT WARNING * * *
The ogre is no longer distracted by gold.
There is a stone staircase leading up here.
You climb upwards.
Level annotation: Eptagon's ghost, journeyman GrBe Eptagon's ghost hits you!
* * * LOW HITPOINT WARNING * * *
You feel your power leaking away. Eptagon's ghost hits you!!
You die...
Your body crumbles into a pile of gold.

##.###.........###
#...#..........#.##
#................##
###.#..........#.#.##
##...................#
..#...................##
......##.............##
#.#..####.#...........# #
####.##.......@....##$
#..........W.......#..
##.#..###.............
##..W##...............
###.....................
##.##..##.#..............
#......#......#.O..#.....
#.......#....#.#.........
###.....#................o


You could see an ogre (wandering) and Eptagon's ghost.

Vanquished Creatures
  Agnes (D:15)
  A vault guard (D:12)
  5 centaur warriors
  7 two-headed ogres
  A vampire mage (D:15)
  2 tengu warriors (D:15)
  Sonja (D:11)
  A shadow wraith (D:12)
  2 unseen horrors
  2 wizards
  A deep troll (D:14)
  A necromancer (D:13)
  A wolf spider zombie (D:15)
  12 ugly things
  A manticore (D:12)
  A mana viper (shapeshifter) (D:15)
  2 cyclopes
  Maurice (D:12)
  A centaur zombie (D:10)
  An elf zombie (D:15)
  A spriggan zombie (D:15)
  A yaktaur zombie (D:15)
  A komodo dragon (D:11)
  A freezing wraith (D:15)
  A guardian mummy (D:15)
  5 trolls
  A meliai (D:15)
  A polar bear (shapeshifter) (D:15)
  Prince Ribbit (D:8)
  A dream sheep (D:15)
  Grinder (D:4)
  6 slime creatures
  2 hippogriffs (D:15)
  A deep troll zombie (D:15)
  4 water elementals (D:14)
  A spriggan (shapeshifter) (D:11)
  6 yaks (D:11)
  A redback (D:15)
  23 humans
  2 wraiths
  A wyvern (D:13)
  4 hungry ghosts
  Grum (D:10)
  10 vampire mosquitoes
  4 hogs (D:8)
  A steam dragon (D:9)
  2 wargs
  The ghost of Zgarb the Magician, an amateur GnWz (D:3)
  A soldier ant (D:11)
  2 insubstantial wisps (D:10)
  A floating eye (D:15)
  16 orc warriors
  4 sky beasts
  An ice beast (D:10)
  3 black bears
  An eye of draining (D:10)
  2 necrophages
  14 ogres
  2 phantoms
  3 wolves (D:10)
  27 centaurs
  A crocodile (D:9)
  4 big kobolds
  Blork the orc (D:4)
  A wyvern zombie (D:14)
  5 bullfrogs
  A scorpion (D:4)
  A wyvern skeleton (D:9)
  9 wights
  6 howler monkeys
  2 electric eels
  7 crimson imps
  2 bullfrog zombies
  9 jellies
  3 bullfrog skeletons
  10 orc priests
  7 hounds
  9 orc wizards
  6 centaur skeletons
  2 iguanas
  Natasha (thrice) (D:4 D:3)
  7 worker ants
  3 hound skeletons
  4 howler monkey skeletons
  12 adders
  3 shadow imps
  3 oozes
  An adder skeleton (D:4)
  2 worms
  A dart slug (D:5)
  3 leopard geckos
  41 orcs
  4 ball pythons
  6 giant cockroaches
  4 goblins
  6 hobgoblins
  9 jackals
  7 quokkas
  10 bats
  4 frilled lizards
  24 kobolds
  A leopard gecko skeleton (D:8)
  2 quokka skeletons
  8 rats
  A plant (D:10)
462 creatures vanquished.

Vanquished Creatures (collateral kills)
  A jelly (D:8)
  A bullfrog skeleton (D:4)
  An adder (D:3)
  A leopard gecko (D:6)
  A jackal (D:3)
  A kobold (D:8)
6 creatures vanquished.

Vanquished Creatures (others)
  A harpy (D:15)
  A manticore (D:15)
  A slime creature (D:8)
  A killer bee zombie (D:6)
  An orc (D:4)
  10 fungi (D:8)
  5 plants (D:14)
  7 toadstools (D:8)
  3 withered plants (D:15)
30 creatures vanquished.

Grand Total: 498 creatures vanquished

Notes
Turn   | Place    | Note
-------+----------+-------------------------------------------
     0 | D:1      | Amnesiac the Spriggan Artificer began the quest for the Orb.
     0 | D:1      | Reached XP level 1. HP: 9/9 MP: 4/4
   509 | D:3      | Noticed Zgarb's ghost (amateur GnWz)
   550 | D:3      | Killed Zgarb's ghost
   550 | D:3      | Reached skill level 7 in Evocations
   550 | D:3      | Reached XP level 2. HP: 14/14 MP: 4/7
   550 | D:3      | Reached XP level 3. HP: 17/17 MP: 5/9
   550 | D:3      | Reached XP level 4. HP: 21/21 MP: 5/10
   765 | D:4      | Found an ornate altar of the Wu Jian Council.
   804 | D:4      | Noticed an ogre
   835 | D:4      | Noticed Natasha
   848 | D:4      | Noticed Grinder
   923 | D:4      | Noticed an ogre
   928 | D:4      | Noticed Blork the orc
  1030 | D:4      | Reached XP level 5. HP: 13/25 MP: 11/11
  1192 | D:4      | Killed an ogre
  1192 | D:4      | Reached skill level 8 in Evocations
  1543 | D:4      | Reached skill level 9 in Evocations
  1543 | D:4      | Reached XP level 6. HP: 22/29 MP: 13/13
  1625 | D:5      | Entered Level 5 of the Dungeon
  2157 | D:5      | Reached skill level 10 in Evocations
  2431 | D:6      | Found a sacrificial altar of Ru.
  2479 | D:6      | Found a staircase to the Ecumenical Temple.
  2488 | Temple   | Entered the Ecumenical Temple
  2540 | Temple   | Became a worshipper of Gozag Ym Sagoz the Greedy
  2576 | Temple   | Reached XP level 7. HP: 21/32 MP: 15/15
  2716 | D:5      | Reached skill level 11 in Evocations
  4308 | D:3      | Reached skill level 1 in Fighting
  4682 | D:4      | Killed Blork the orc
  4757 | D:4      | Killed Natasha
  4895 | D:4      | Noticed Natasha
  4908 | D:3      | Killed Natasha
  4918 | D:3      | Noticed Natasha
  4931 | D:3      | Killed Natasha
  4931 | D:3      | Reached XP level 8. HP: 30/40 MP: 17/17
  5446 | D:4      | Paralysed by Grinder for 3 turns
  5480 | D:4      | Paralysed by Grinder for 5 turns
  5486 | D:4      | Killed Grinder
  5526 | D:4      | Found an ornate altar of the Wu Jian Council.
  7113 | D:6      | Reached skill level 10 in Dodging
  7628 | D:7      | Reached XP level 9. HP: 44/44 MP: 18/18
  7925 | D:7      | Learned a level 1 spell: Confusing Touch
  7929 | D:7      | Learned a level 3 spell: Confuse
  8472 | D:8      | Reached skill level 5 in Fighting
  8617 | D:8      | Noticed Prince Ribbit
  8645 | D:8      | Noticed a two-headed ogre
  8648 | D:8      | Killed Prince Ribbit
  8666 | D:8      | Killed a two-headed ogre
  8794 | D:8      | Got a sheer robe
  8805 | D:8      | Identified the +1 robe of Rauwiohe {rN+ Int+5} (You found it on level 8 of the Dungeon)
  9055 | D:8      | Reached XP level 10. HP: 56/56 MP: 19/19
 10030 | D:9      | Found an iron altar of Okawaru.
 10383 | D:10     | Entered Level 10 of the Dungeon
 10416 | D:10     | Found a staircase to the Lair.
 10757 | D:10     | Reached skill level 10 in Fighting
 10795 | D:10     | Noticed Grum
 10830 | D:10     | Killed Grum
 10943 | D:10     | Reached skill level 12 in Evocations
 11352 | D:10     | Reached XP level 11. HP: 62/62 MP: 21/21
 11523 | D:10     | Reached skill level 13 in Evocations
 11593 | D:10     | Found a staircase to the Orcish Mines.
 11712 | D:10     | Learned a level 2 spell: Poisonous Vapours
 11716 | D:10     | Learned a level 3 spell: Mephitic Cloud
 12099 | D:11     | Found Konecumu's Distillery.
 12116 | D:11     | Bought a potion of curing for 42 gold pieces
 12118 | D:11     | Bought a potion of might for 56 gold pieces
 12353 | D:11     | Found Ronet's Antique Weapon Shop.
 12399 | D:11     | Reached skill level 14 in Evocations
 12457 | D:11     | Bought a glowing quick blade for 504 gold pieces
 12576 | D:11     | Noticed Harold
 12577 | D:11     | Noticed Harold
 12577 | D:11     | Harold changed into Harold the shapeshifter
 12578 | D:11     | Noticed Harold
 12578 | D:11     | Harold the shapeshifter changed into Harold the spriggan
 12578 | D:11     | Noticed Sonja
 12654 | D:11     | Killed Harold the spriggan
 12660 | D:11     | Killed Sonja
 12665 | D:11     | Noticed a centaur warrior
 12689 | D:11     | Killed a centaur warrior
 12689 | D:11     | Reached skill level 15 in Evocations
 12692 | D:11     | HP: 3/63 [centaur[a centaur warrior] (1)]
 13022 | D:11     | Noticed a purple ugly thing
 13131 | D:11     | Killed a purple ugly thing
 13478 | D:12     | Found a shadowy altar of Dithmenos.
 13541 | D:12     | Got a distressingly furry robe
 13584 | D:12     | Reached skill level 16 in Evocations
 13644 | D:12     | Found Faabil's Gadget Boutique.
 13645 | D:12     | Noticed an unseen horror
 13648 | D:12     | Killed an unseen horror
 13657 | D:12     | Bought a wand of paralysis (14) for 272 gold pieces
 13657 | D:12     | Bought a wand of paralysis (10) for 204 gold pieces
 13844 | D:12     | Noticed a two-headed ogre
 13876 | D:12     | Killed a two-headed ogre
 13913 | D:12     | Noticed Maurice
 13935 | D:12     | Killed Maurice
 13935 | D:12     | Reached skill level 17 in Evocations
 13935 | D:12     | Reached XP level 12. HP: 67/67 MP: 25/25
 14827 | D:13     | Identified the +1 robe of Generosity {Dex+5} (You found it on level 12 of the Dungeon)
 14993 | D:13     | Found a roughly hewn altar of Beogh.
 15405 | D:13     | Reached skill level 18 in Evocations
 15803 | D:13     | Noticed a vault guard
 16042 | D:12     | Killed a vault guard
 16557 | D:13     | Reached skill level 19 in Evocations
 16910 | D:13     | Found a gate to the Vaults.
 17110 | D:13     | Noticed a centaur warrior
 17128 | D:13     | Killed a centaur warrior
 17128 | D:13     | Reached skill level 20 in Evocations
 17329 | D:14     | Noticed a centaur warrior
 17340 | D:13     | Killed a centaur warrior
 17813 | D:14     | Noticed a centaur warrior
 17939 | D:14     | Reached XP level 13. HP: 61/72 MP: 28/28
 18577 | D:14     | Reached skill level 21 in Evocations
 18820 | D:14     | Reached skill level 5 in Short Blades
 19115 | D:15     | Entered Level 15 of the Dungeon
 19568 | D:15     | Reached skill level 5 in Stealth
 19610 | D:15     | Noticed Agnes
 19696 | D:15     | Killed Agnes
 19752 | D:15     | Found a staircase to the Depths.
 19902 | D:15     | Noticed Urug
 19955 | D:15     | Noticed a jiangshi
 20485 | D:15     | Reached XP level 14. HP: 77/77 MP: 29/29
 20812 | D:15     | HP: 2/77 [deep troll shaman zombie (16)]
 21133 | D:15     | Paralysed by a floating eye for 4 turns
 21271 | D:15     | Found a glowing golden altar of the Shining One.
 21596 | Orc:1    | Entered Level 1 of the Orcish Mines
 21596 | Orc:1    | Noticed Eptagon's ghost (journeyman GrBe)
 21606 | Orc:2    | Entered Level 2 of the Orcish Mines
 21617 | Orc:2    | Found Gerooxta's Jewellery Shop.
 21618 | Orc:2    | Noticed an orc warlord
 21706 | Orc:2    | Found Nyigue's General Store.
 21726 | Orc:2    | Noticed ThisFiasco's ghost (journeyman DDFi)
 21764 | Orc:1    | Found Fyibeap's Book Shop.
 22042 | Orc:2    | Found a staircase to the Elven Halls.
 22082 | Orc:1    | Demolished by Eptagon's ghost

Vault maps used:
D:1:      grunt_arrival_crossed_arrows
D:3:      minmay_liquid_box
D:4:      lemuel_doored_altar, first_ration, uniq_grinder, uniq_blork_the_orc,
          uniq_natasha
D:6:      nicolae_ru_great_annihilating_truth, minmay_temple_entry_junction
D:8:      cheibrodos_fertilizer, grunt_livestock, minmay_misc_feat_tower,
          uniq_prince_ribbit1
D:9:      okawaru_trees_1
D:10:     lair_entry_dummy, orc_0_dummy, pond, uniq_grum
D:11:     serial_shops, shop, kennysheep_small_square, uniq_harold, uniq_sonja
D:12:     serial_shops, kennysheep_little_box, nicolae_water_bricks,
          grunt_dithmenos_smoke_and_mirrors, uniq_maurice
D:13:     grunt_vaults_entry_tiered, minivault_20, kennysheep_nub
D:14:     chequers_big_river
D:15:     gammafunk_depths_entry_grave, nicolae_tso_carved_into_rock, uniq_urug,
          uniq_agnes
Temple:   regret_index_temple_chain_breaker
Orc:1:    serial_shops, nicolae_shop_crystal
Orc:2:    grunt_orc_gardens, grunt_orc_garden, grunt_orc_garden,
          grunt_orc_garden, grunt_orc_garden, nicolae_orc_lava_tube

Skill      XL: |  1  2  3  4  5  6  7  8  9 10 11 12 13 |
---------------+----------------------------------------+-----
Evocations     | 7 9 10 11 12 17 20 21 | 21.9
Stealth        | 2 8 |  8.0
Short Blades   | 2 8 |  8.0
Fighting       | 3 7 10 | 10.0
Dodging        | 4 11 | 11.0

Action                   |  1- 3 |  4- 6 |  7- 9 | 10-12 | 13-15 || total
-------------------------+-------+-------+-------+-------+-------++-------
Melee: Short sword       |    16 |    61 |    80 |       |       ||   157
       Dagger            |     3 |       |   483 |  1529 |   131 ||  2146
       Quick blade       |       |       |       |   114 |   949 ||  1063
Evoke: Wand              |    13 |    26 |    52 |    77 |    80 ||   248
  Use: Scroll            |       |       |    21 |     2 |     7 ||    30
       Potion            |       |       |       |     2 |     1 ||     3
 Stab: Paralysed         |     3 |       |     1 |    23 |    94 ||   121
       Distracted        |       |     1 |     5 |     6 |     4 ||    16
       Sleeping          |       |       |    11 |    10 |       ||    21
       Confused          |       |       |       |     5 |       ||     5
  Eat: Ration            |       |       |     3 |     8 |     2 ||    13
Armor: Robe              |     5 |     8 |    38 |    95 |    30 ||   176
Dodge: Dodged            |    37 |    80 |   466 |  1456 |   546 ||  2585

Table legend:
 A = Spawn XP
 B = Non-spawn XP
 C = Spawn XP percentage of total XP
 D = Spawn monster count
 E = Non-spawn monster count
 F = Spawn count percentage of total count
 G = Total turns spent on level
                    A         B        C        D         E        F      G
               +---------+---------+-------+---------+---------+-------+---------
         Total |       0 |   67981 |   0.0 |       0 |     468 |   0.0 | 22082
               +---------+---------+-------+---------+---------+-------+---------
           D:1 |       0 |      37 |   0.0 |       0 |      22 |   0.0 |   771
           D:2 |       0 |      47 |   0.0 |       0 |      21 |   0.0 |   873
           D:3 |       0 |     351 |   0.0 |       0 |      23 |   0.0 |  1580
           D:4 |       0 |     807 |   0.0 |       0 |      21 |   0.0 |  1599
           D:5 |       0 |     772 |   0.0 |       0 |      14 |   0.0 |  1836
           D:6 |       0 |     726 |   0.0 |       0 |      17 |   0.0 |   702
           D:7 |       0 |     404 |   0.0 |       0 |       8 |   0.0 |   754
           D:8 |       0 |    3931 |   0.0 |       0 |      41 |   0.0 |  1460
           D:9 |       0 |    1245 |   0.0 |       0 |      17 |   0.0 |   896
          D:10 |       0 |    4414 |   0.0 |       0 |      37 |   0.0 |  1420
          D:11 |       0 |    5736 |   0.0 |       0 |      38 |   0.0 |  1454
          D:12 |       0 |    6498 |   0.0 |       0 |      20 |   0.0 |  1761
          D:13 |       0 |   11909 |   0.0 |       0 |      79 |   0.0 |  2502
          D:14 |       0 |   11205 |   0.0 |       0 |      49 |   0.0 |  1644
          D:15 |       0 |   18993 |   0.0 |       0 |      47 |   0.0 |  2231
        Temple |       0 |      32 |   0.0 |       0 |       1 |   0.0 |   115
         Orc:1 |       0 |     350 |   0.0 |       0 |       6 |   0.0 |   289
         Orc:2 |       0 |     524 |   0.0 |       0 |       7 |   0.0 |   195
               +---------+---------+-------+---------+---------+-------+---------
